 Dungeon Crawl Stone Soup version 0.31-a0-704-g1016066182 (webtiles) character file.

Game seed: 7881497712194410767

965 Kaliber the Trooper (level 7, -3/57 HPs)
             Began as a Minotaur Fighter on Sept 9, 2023.
             Was an Initiate of Okawaru.
             Killed from afar by an orc wizard (4 damage)
             ... with a magic dart
             ... on level 7 of the Dungeon.
             The game lasted 00:24:27 (4717 turns).

Kaliber the Trooper (Minotaur Fighter)              Turns: 4717, Time: 00:24:30

Health: -3/57      AC:  8    Str: 22    XL:     7   Next: 93%
Magic:  0/6        EV: 11    Int:  5    God:    Okawaru [......]
Gold:   175        SH:  4    Dex: 10    Spells: 6/6 levels left

rFire   + . .        p - +1 hand axe (distort)
rCold   x . .        c - +0 buckler
rNeg    . . .        t - +0 ring mail
rPois   .            (helmet restricted)
rElec   .            i - +0 cloak
rCorr   .            n - +0 pair of gloves
SInv    .            (no boots)
Will    .....        k - amulet of guardian spirit
Stlth   +            I - ring of fire
HPRegen 0.29/turn    U - +4 ring of slaying
MPRegen 0.10/turn

%: guardian spirit
@: attractive
A: reduced essence, horns 2, retaliatory headbutt
a: Renounce Religion


You were on level 7 of the Dungeon.
You worshipped Okawaru.
Okawaru was noncommittal.
You visited 2 branches of the dungeon, and saw 8 of its levels.

You collected 175 gold pieces.

Inventory:

Hand Weapons
 a - a +0 flail
 j - a +0 orcbow
 p - a +1 hand axe of distortion (weapon)
 w - a +0 mace
 y - a +1 hand axe of freezing
 A - a +0 morningstar
 D - a +0 whip
 F - a +0 whip
 W - a +0 dagger
 X - a +0 flail
 Z - a +0 giant spiked club
Missiles
 f - 33 stones
 l - 4 poisoned darts
 o - 6 curare-tipped darts
 H - 3 datura-tipped darts
Armour
 b - a +0 scale mail
 c - a +0 buckler (worn)
 i - a +0 cloak (worn)
 n - a +0 pair of gloves (worn)
 t - a +0 ring mail (worn)
 B - a +0 chain mail
 N - a +0 helmet
 O - a +0 ring mail
 R - a +0 animal skin
 S - a +0 helmet
 Y - a +0 leather armour
Jewellery
 k - an amulet of guardian spirit (around neck)
 I - a ring of fire (left hand)
 M - a ring of fire
 U - a +4 ring of slaying (right hand)
Talismans
 u - a beast talisman
 x - a beast talisman
Wands
 E - a wand of roots (7)
Scrolls
 g - 4 scrolls of teleportation
 h - 3 scrolls of identify
 m - a scroll of immolation {unknown}
 r - 5 scrolls of revelation
 C - a scroll of vulnerability {unknown}
 G - 3 scrolls of blinking {unknown}
 J - a scroll of silence {unknown}
 L - a scroll of amnesia {unknown}
 Q - a scroll of fear {unknown}
 T - a scroll of fog {unknown}
 V - a scroll of acquirement {unknown}
Potions
 d - a potion of might
 e - a potion of haste {unknown}
 s - a potion of invisibility {unknown}
 v - 2 potions of curing
 z - a potion of brilliance {unknown}
 K - a potion of enlightenment {unknown}
 P - a potion of magic {unknown}


   Skills:
 + Level 6.7 Fighting
 + Level 2.1(4.2) Axes
 + Level 5.7(5.9) Maces & Flails
 + Level 6.1 Armour
 + Level 4.1 Dodging
 + Level 0.3 Stealth
 + Level 4.1 Shields


You had 6 spell levels left.
You didn't know any spells.
Your spell library contained the following spells:

 Spells                   Type           Power      Damage    Failure   Level
 Wereblood                Tmut           0%         N/A       83%         2
 Alistair's Intoxication  Tmut/Pois      0%         N/A       100%        5
 Borgnjor's Vile Clutch   Necr/Erth      0%         N/A       100%        5
 Irradiate                Conj/Tmut      0%         3d11      100%        5
 Eringya's Noxious Bog    Tmut/Pois      0%         4d6       100%        6


Dungeon Overview and Level Annotations

Branches:
Dungeon (7/15)             Temple (1/1) D:6

Altars:
Ashenzari
Dithmenos
Hepliaklqana
Nemelex Xobeh
Okawaru
Ru
Trog
Wu Jian
Zin


Innate Abilities, Weirdness & Mutations

Your life essence is reduced to manifest your ancestor. (-10% HP)
You have a pair of horns on your head.
You reflexively headbutt those who attack you in melee.


Message History

t - Shout!
Orders for allies: a - Attack new target. r - Retreat! s - Stop attacking. g - Guard the area. f - Follow me.
Anything else - Cancel.
Okay, then.
Nothing quivered!
It was a potion of curing.
You feel better.
The orc warrior hits you but does no damage.
The orc priest hits you with a +0 flail.
You closely miss the orc priest. You completely miss the orc warrior.
The orc warrior hits you with a +0 trident!
* * * LOW HITPOINT WARNING * * *
The orc priest hits you with a +0 flail.
* * * LOW HITPOINT WARNING * * *
You hit the orc warrior.
The orc warrior is lightly wounded.
You barely miss the orc priest.
The orc warrior blinks!
You block the orc priest's attack.
You hit the orc priest.
Space warps around the orc priest.
Your headbutt misses the orc priest.
The orc priest is heavily wounded.
The orc priest looks braver for a moment.
The orc priest barely misses you.
The orc warrior hits you from afar with a +0 trident!
* * * LOW HITPOINT WARNING * * *
You hit the orc priest but do no damage.
Your headbutt misses the orc priest.
The orc priest is heavily wounded.
The orc priest blinks!
You block the orc warrior's attack.
The orc wizard gestures at you while chanting.
You resist with some effort. You block the orc warrior's attack.
The orc priest closely misses you.
It was a potion of attraction.
You feel attractive to monsters.
The orc warrior hits you from afar with a +0 trident!
* * * LOW HITPOINT WARNING * * *
The orc wizard casts a spell at you. The magic dart hits you.
You die...

#.# #.# ## #.# .. #.#
#### .## #.# #.. ..
#.# #o# .#
#.####.########.######
#..†o.@o.............#
######..........######
########.......#
#...###.# #..## #..#
###..# #....#######
#..........#


You could see an orc warrior, an orc priest and an orc wizard.

Vanquished Creatures
  3 water moccasins
  An ogre (D:6)
  A phantom (D:6)
  A jelly (D:6)
  An orc priest (D:7)
  2 hounds
  Natasha (D:2)
  Terence (D:2)
  6 iguanas
  A sleepcap (D:6)
  Robin (D:4)
  6 adders
  A white imp (D:6)
  An ufetubus (D:6)
  A worm (D:5)
  3 dart slugs (D:1)
  12 orcs
  3 ball pythons
  4 endoplasms
  A giant cockroach (D:1)
  9 goblins
  4 hobgoblins
  5 jackals (D:1)
  3 quokkas
  3 bats
  6 frilled lizards
  6 kobolds
  3 rats
90 creatures vanquished.

Vanquished Creatures (collateral kills)
  A sky beast (D:6)
  2 centaurs
  2 sleepcaps (D:6)
  2 worms (D:2)
  A dart slug (D:2)
  5 orcs
  An endoplasm (D:1)
  2 goblins (D:4)
  A quokka (D:2)
  5 ball pythons
  5 frilled lizards
  A rat (D:3)
28 creatures vanquished.

Vanquished Creatures (others)
  An ancestor (D:4)
1 creature vanquished.

Grand Total: 119 creatures vanquished

Notes
Turn   | Place    | Note
-------+----------+-------------------------------------------
     0 | D:1      | Kaliber the Minotaur Fighter began the quest for the Orb.
     0 | D:1      | Reached XP level 1. HP: 19/19 MP: 0/0
    32 | D:1      | Found a faded altar of an unknown god.
    57 | D:1      | Prayed at the altar of an unknown god.
    57 | D:1      | Became a worshipper of Hepliaklqana the Forgotten
    57 | D:1      | Reached * piety under Hepliaklqana
   115 | D:1      | Reached XP level 2. HP: 22/24 MP: 1/1
   590 | D:1      | Reached XP level 3. HP: 28/29 MP: 2/2
  1004 | D:2      | Reached XP level 4. HP: 36/36 MP: 3/3
  1093 | D:2      | Noticed Terence
  1100 | D:2      | Killed Terence
  1101 | D:2      | Reached skill level 1 in Dodging
  1138 | D:2      | Noticed Natasha
  1144 | D:2      | Killed Natasha
  1217 | D:2      | Reached skill level 5 in Armour
  1658 | D:3      | Found a glowing silver altar of Zin.
  1734 | D:3      | Reached XP level 5. HP: 41/41 MP: 4/4
  1771 | D:3      | Reached ** piety under Hepliaklqana
  1967 | D:4      | Noticed Robin
  1996 | D:4      | Killed Robin
  2470 | D:5      | Entered Level 5 of the Dungeon
  2712 | D:5      | Noticed a centaur
  2718 | D:5      | Killed a centaur
  2719 | D:5      | Reached skill level 5 in Maces & Flails
  2719 | D:5      | Reached XP level 6. HP: 5/49 MP: 5/5
  2778 | D:5      | Reached skill level 5 in Fighting
  2976 | D:5      | Noticed a water moccasin
  2987 | D:5      | Killed a water moccasin
  3105 | D:5      | Reached *** piety under Hepliaklqana
  3550 | D:6      | Reached XP level 7. HP: 54/54 MP: 6/6
  3705 | D:6      | Reached skill level 1 in Axes
  3941 | D:6      | Found a staircase to the Ecumenical Temple.
  3951 | Temple   | Entered the Ecumenical Temple
  4127 | Temple   | Fell from the grace of Hepliaklqana
  4127 | Temple   | Became a worshipper of Warmaster Okawaru
  4717 | D:7      | HP: 1/57 [orc warrior/+0 trident (8)]
  4717 | D:7      | Killed from afar by an orc wizard

Illustrated notes

Levels and vault maps discovered:
D:1:      psy_arrival_whirlpool, layout_basic, basic_ecumenical_altar
D:2:      layout_loops_ring, uniq_terence, uniq_natasha
D:3:      layout_loops_ring, zin_statuary
D:4:      layout_basic, serial_shops, kennysheep_little_box, uniq_robin,
          uniq_eustachio
D:5:      layout_basic, dk_noncrumbling_4
D:6:      layout_loops_corners, minmay_temple_entry_metal_lava, minmay_circle_x
D:7:      layout_basic, minitemple
Temple:   hellmonk_temple_of_storms

Skill      XL: |  1  2  3  4  5  6  7 |
---------------+----------------------+-----
Maces & Flails | 3 5 |  5.7
Shields        | 4 |  4.1
Armour         | 4 5 6 |  6.1
Fighting       | 4 5 6 |  6.7
Dodging        | 1 2 4 |  4.1
Axes           | 2 |  2.1
Stealth        | |  0.3

Action                     |  1- 3 |  4- 6 |  7- 9 || total
---------------------------+-------+-------+-------++-------
  Melee: Flail             |    74 |    62 |       ||   136
         Headbutt          |    10 |    22 |    11 ||    43
         Hand axe          |       |    34 |    55 ||    89
 Invoke: Recall Ancestor   |     1 |       |       ||     1
    Use: Scroll            |     2 |       |       ||     2
         Potion            |       |       |     2 ||     2
 Armour: Scale mail        |    42 |       |       ||    42
         Ring mail         |    17 |    75 |    46 ||   138
  Dodge: Dodged            |    47 |    74 |    31 ||   152
  Block: Buckler           |    15 |       |    22 ||    37

Table legend: (Time is in decaauts)
 A = Elapsed time spent in this place.
 B = Non-inter-level travel time spent in this place.
 C = Inter-level travel time spent in this place.
 D = Time resting spent in this place.
 E = Time spent auto-exploring this place.
 F = Levels seen in this place.
 G = Mean time per level.
                   A        B        C        D        E       F      G
               +--------+--------+--------+--------+--------+-----+--------+
         Total |   4765 |   4668 |     97 |      0 |      0 |   8 |  595.6 |
       Dungeon |   4568 |   4471 |     97 |      0 |      0 |   7 |  652.6 |
        Temple |    196 |    196 |      0 |      0 |      0 |   1 |  196.0 |
               +--------+--------+--------+--------+--------+-----+--------+

Top non-repeatable levels by time:
     D:5: 1075 daAuts
     D:6: 913 daAuts
     D:1: 840 daAuts
     D:3: 593 daAuts
     D:4: 585 daAuts
     D:2: 489 daAuts
  Temple: 196 daAuts
     D:7: 70 daAuts
